 Dungeon Crawl Stone Soup version 0.32-a0-290-g598725c5f2 (webtiles) character file.

Game seed: 2330035074376912166

5195 gruber the Arsonist (level 10, -3/109 HPs)
             Began as an Oni Fire Elementalist on Feb 13, 2024.
             Shot with an arrow by a centaur warrior (11 damage)
             ... on level 9 of the Dungeon.
             The game lasted 00:16:06 (8642 turns).

gruber the Arsonist (Oni Fire Elementalist)         Turns: 8642, Time: 00:16:07

Health: -3/109     AC:  7    Str: 14    XL:     10   Next: 60%
Magic:  22/22      EV: 10    Int: 20    God:
Gold:   460        SH:  0    Dex:  9    Spells: 12/25 levels left

rFire   + . .        D - +2 trident (drain)
rCold   + . .        (no shield)
rNeg    . . .        E - +2 robe {rC+ rF+}
rPois   .            w - +1 hat
rElec   .            p - +0 cloak
rCorr   .            (gloves unavailable)
SInv    .            (boots unavailable)
Will    +....        k - amulet of magic regeneration
Stlth   +            n - +4 ring of slaying
HPRegen 0.38/turn    (no ring)
MPRegen 0.58/turn

%: no passive effects
@: no status effects
A: large, unfitting armour, horns 1, tough skin 1, double potion healing,
drunken brawling
a: no special abilities


You were on level 9 of the Dungeon.
You visited 2 branches of the dungeon, and saw 10 of its levels.

You collected 460 gold pieces.

Inventory:

Hand Weapons
 t - a +1 hand axe of flaming
 D - a +2 trident of draining (weapon)
Armour
 p - a +0 cloak (worn)
 w - a +1 hat (worn)
 E - a +2 robe of resistance (worn)
Magical Staves
 B - a staff of conjuration
Jewellery
 e - an amulet of regeneration
 k - an amulet of magic regeneration (around neck)
 n - a +4 ring of slaying (left hand)
 F - a +6 ring of dexterity
Wands
 q - a wand of charming (18)
 x - a wand of digging (5)
 z - a wand of quicksilver (19)
 C - a wand of polymorph (5)
 H - a wand of roots (21)
Scrolls
 d - 2 scrolls of vulnerability {unknown}
 f - 3 scrolls of teleportation {unknown}
 g - 8 scrolls of identify {unknown}
 h - a scroll of brand weapon {unknown}
 l - 4 scrolls of revelation {unknown}
 s - a scroll of enchant weapon {unknown}
 u - a scroll of torment {unknown}
 y - a scroll of poison {unknown}
 G - a scroll of summoning {unknown}
Potions
 a - a potion of invisibility {unknown}
 b - 2 potions of magic
 c - 4 potions of curing {unknown}
 i - a potion of resistance {unknown}
 j - 3 potions of enlightenment {unknown}
 m - 2 potions of attraction {unknown}
 o - a potion of lignification {unknown}
 r - 3 potions of haste {unknown}
 v - a potion of might {unknown}
 A - a potion of mutation {unknown}


   Skills:
 * Level 9.7 Fighting
 - Level 5.0 Dodging
 - Level 1.4 Stealth
 - Level 8.0 Spellcasting
 - Level 0.8 Conjurations
 - Level 10.0 Fire Magic


You had 12 spell levels left.
You knew the following spells:

 Your Spells              Type           Power      Damage    Failure   Level
a - Foxfire               Conj/Fire      100%       2x1d9     1%          1
b - Scorch                Fire           96%        2d9       1%          2
c - Flame Wave            Conj/Fire      29%        2d9       9%          4
d - Inner Flame           Hex/Fire       28%        N/A       3%          3
e - Volatile Blastmotes   Fire/Tloc      56%        2d14      3%          3

Your spell library contained the following spells:

 Spells                   Type           Power      Damage    Failure   Level
 Magic Dart               Conj           44%        1d5       6%          1
 Summon Small Mammal      Summ           32%        N/A       9%          1
 Summon Blazeheart Golem  Fire/Summ      28%        N/A       11%         4
 Blink                    Tloc           16%        N/A       13%         2
 Call Imp                 Summ           16%        N/A       13%         2
 Ensorcelled Hibernation  Hex/Ice        16%        N/A       13%         2
 Call Canine Familiar     Summ           8%         N/A       26%         3
 Passwall                 Erth           8%         N/A       26%         3
 Swiftness                Air            8%         N/A       26%         3
 Tukima's Dance           Hex            8%         N/A       26%         3
 Passage of Golubria      Tloc           8%         N/A       63%         4
 Yara's Violent Unravell  Hex/Alch       4%         3d4       93%         5


Dungeon Overview and Level Annotations

Branches:
Dungeon (9/15)             Temple (1/1) D:4            Lair (0/5) D:8
    Orc (0/2) D:9

Altars:
Ashenzari
Cheibriados
Dithmenos
Elyvilon
Fedhas
Gozag
Hepliaklqana
Kikubaaqudgha
Makhleb
Nemelex Xobeh
Okawaru
Qazlal
Ru
Sif Muna
Trog
Wu Jian
Xom
Yredelemnul
Zin
The Shining One
Beogh

Shops:
D:1 !*   D:4 [

Annotations:
D:6 2 transporters, lurch's ghost, novice OnFE


Innate Abilities, Weirdness & Mutations

You are too large for most types of armour.
You have a pair of small horns on your head.
You have tough skin. (AC +1)
You gain doubled healing and magic from potions.
Whenever you drink a healing potion, you attack all around you.


Message History

Unknown command.
Casting: Scorch (safe; 1% risk of failure)
Confirm with . or Enter, or press ? or * to list all spells.
Flames lash the warg.
The warg is moderately wounded.
The warg's fire resistance burns away.
Unknown command.
Casting: Scorch (safe; 1% risk of failure)
Confirm with . or Enter, or press ? or * to list all spells.
Flames lash the warg.
The warg is burned terribly!
The warg is severely wounded.
The warg bites you.
Unknown command.
Casting: Scorch (safe; 1% risk of failure)
Confirm with . or Enter, or press ? or * to list all spells.
Flames lash the warg.
The warg is burned terribly!
The warg is almost dead.
The warg closely misses you. The warg barely misses you.
Unknown command.
Casting: Scorch (safe; 1% risk of failure)
Confirm with . or Enter, or press ? or * to list all spells.
Flames lash the warg.
The warg is burned terribly!
You kill the warg!
The warg's shape twists and changes as it dies.
Unknown command.
A slime creature comes into view.
A slime creature is nearby!
A slime creature is nearby!
A centaur warrior comes into view. It is wielding a staff of fire.
A centaur warrior is nearby!
A centaur warrior is nearby!
The centaur warrior shouts!
The centaur warrior wields a +0 shortbow.
The centaur warrior shoots an arrow.
The arrow hits you.
The centaur warrior shoots an arrow.
The arrow hits you!!
* * * LOW HITPOINT WARNING * * *
The centaur warrior shoots an arrow.
The arrow hits you!
* * * LOW HITPOINT WARNING * * *
The centaur warrior shoots an arrow.
The arrow hits you!
You die...

..............#
..............#########
..†...................#
..#......####.........#
..#....#....#.........#
..####.####...........#
..# #.##.............#
..####.##.##..........#
.......##.##....@.....#
...............>...####
......##<###.##....#
......##.##....c...##
......##.##.)##.(#...
......##.##.#).......
......##.#...()..#####
...<..##...[)<...#
.........).......#


You could see a centaur warrior.

Vanquished Creatures
  An orc knight (D:9)
  Maggie (D:6)
  Jeremiah (D:7)
  Psyche (D:8)
  Prince Ribbit (D:8)
  A wyvern (D:7)
  2 steam dragons
  A warg (shapeshifter) (D:9)
  2 ice beasts
  An orc warrior (D:9)
  2 black bears
  An ogre (D:4)
  3 centaurs (D:8)
  2 kobold brigands
  Blork the orc (D:6)
  2 bullfrogs
  4 scorpions
  5 wights (D:8)
  10 killer bees
  3 howler monkeys (D:7)
  An electric eel (D:6)
  2 bombardier beetles (D:5)
  3 hounds
  2 orc priests (D:3)
  5 iguanas
  Crazy Yiuf (D:3)
  11 orc wizards
  2 sleepcaps (D:5)
  12 adders
  2 white imps
  A dart slug (D:1)
  14 orcs
  9 ball pythons
  9 bats
  10 endoplasms
  2 giant cockroaches
  3 goblins
  3 hobgoblins
  12 jackals
  16 kobolds
  2 quokkas
  3 frilled lizards
  8 rats
178 creatures vanquished.

Vanquished Creatures (others)
  An orc (D:6)
  488 foxfires
489 creatures vanquished.

Grand Total: 667 creatures vanquished

Notes
Turn   | Place    | Note
-------+----------+-------------------------------------------
     0 | D:1      | gruber the Oni Fire Elementalist began the quest for the
                  | Orb.
     0 | D:1      | Reached XP level 1. HP: 16/16 MP: 3/3
   114 | D:1      | Reached skill level 3 in Fire Magic
   169 | D:1      | Reached XP level 2. HP: 13/24 MP: 0/5
   439 | D:1      | Reached XP level 3. HP: 29/31 MP: 1/6
   601 | D:1      | Found Ettafi's General Store.
   721 | D:1      | Reached skill level 4 in Fire Magic
   758 | D:1      | Found a faded altar of an unknown god.
   831 | D:1      | Learned a level 2 spell: Scorch
  1013 | D:1      | Found Ihuges's Distillery.
  1387 | D:2      | Reached XP level 4. HP: 39/39 MP: 3/7
  1680 | D:2      | Reached skill level 5 in Fire Magic
  1866 | D:2      | Reached XP level 5. HP: 45/45 MP: 2/8
  2906 | D:3      | Reached XP level 6. HP: 53/53 MP: 2/9
  3023 | D:3      | Found a runed translucent door.
  3024 | D:3      | Noticed Crazy Yiuf
  3243 | D:3      | Noticed a black bear
  3272 | D:3      | Killed a black bear
  3273 | D:3      | Reached skill level 6 in Fire Magic
  3715 | D:3      | Reached skill level 7 in Fire Magic
  3717 | D:3      | Reached XP level 7. HP: 59/59 MP: 6/10
  3757 | D:3      | Found a roughly hewn altar of Beogh.
  3867 | D:3      | Killed Crazy Yiuf
  4051 | D:4      | Reached skill level 5 in Spellcasting
  4051 | D:4      | Reached skill level 1 in Fighting
  4178 | D:4      | Found a staircase to the Ecumenical Temple.
  4189 | Temple   | Entered the Ecumenical Temple
  4277 | D:4      | Found a hazy altar of Hepliaklqana.
  4277 | D:4      | Found a shimmering blue altar of Sif Muna.
  4286 | D:4      | Found a shadowy altar of Dithmenos.
  4289 | D:4      | Found a burning altar of Makhleb.
  4291 | D:4      | Found a sacrificial altar of Ru.
  4373 | D:4      | Found Lancelot's Dragon-Slaying Spoils.
  4451 | D:5      | Entered Level 5 of the Dungeon
  4552 | D:5      | Reached XP level 8. HP: 75/75 MP: 12/15
  4669 | D:5      | Reached skill level 5 in Fighting
  5320 | D:6      | Found a transporter.
  5321 | D:6      | Noticed a yak
  5344 | D:6      | Noticed lurch's ghost (novice OnFE)
  5345 | D:6      | Found a transporter.
  5419 | D:6      | Found a glowing golden altar of the Shining One.
  5453 | D:6      | Found a stormy altar of Qazlal.
  5593 | D:6      | Noticed Blork the orc
  5602 | D:6      | Killed Blork the orc
  6011 | D:6      | Noticed Maggie
  6021 | D:6      | Killed Maggie
  6022 | D:6      | Reached skill level 5 in Dodging
  6022 | D:6      | Reached XP level 9. HP: 59/96 MP: 3/16
  6631 | D:7      | Reached skill level 8 in Fire Magic
  6956 | D:7      | Noticed Jeremiah
  6966 | D:7      | Learned a level 4 spell: Flame Wave
  7012 | D:6      | Learned a level 3 spell: Inner Flame
  7016 | D:6      | Learned a level 3 spell: Volatile Blastmotes
  7105 | D:7      | Killed Jeremiah
  7287 | D:8      | Noticed Prince Ribbit
  7291 | D:8      | Killed Prince Ribbit
  7292 | D:8      | Reached skill level 9 in Fire Magic
  7328 | D:8      | Found a staircase to the Lair.
  7356 | D:8      | Noticed Psyche
  7361 | D:8      | Killed Psyche
  7362 | D:8      | Reached skill level 10 in Fire Magic
  7362 | D:8      | Reached XP level 10. HP: 79/104 MP: 11/18
  8316 | D:9      | Found a staircase to the Orcish Mines.
  8570 | D:9      | Noticed an orc knight
  8589 | D:9      | Killed an orc knight
  8639 | D:9      | Noticed a centaur warrior
  8642 | D:9      | Shot with an arrow by a centaur warrior

Illustrated notes

Levels and vault maps discovered:
D:1:      lemuel_arrival_muddy, layout_basic,
          hellmonk_ecumenical_altar_leap_of_faith, serial_shops, shop, shop,
          minmay_pentomino_q4
D:2:      layout_basic
D:3:      minmay_skewed_foursquare, layout_basic, chequers_garden,
          grunt_decor_junction, kennysheep_orc_chapel, uniq_crazy_yiuf_cottage
D:4:      layout_gridville, chequers_temple_overflow_minitemple,
          minmay_temple_entry_sparse_star, nicolae_shop_dragon_depot
D:5:      layout_gridville, kennysheep_small_spiral
D:6:      layout_loops_ring, mainiacjoe_overflow_alcove_2,
          nicolae_qazlal_eye_of_the_storm, gammafunk_ghost_arena,
          nicolae_water_bricks, uniq_blork_the_orc, uniq_maggie
D:7:      layout_gridville, uniq_jeremiah
D:8:      minmay_flawed_box, layout_gridville, serial_bayou_pond_c,
          uniq_prince_ribbit1, uniq_psyche
D:9:      minmay_the_grid_4x2 [minmay_the_grid_minigrid_small,
          minmay_the_grid_empty, minmay_the_grid_spikes, minmay_the_grid_eight,
          minmay_the_grid_zigzag_pyramid, minmay_the_grid_fan,
          minmay_the_grid_gridbox, minmay_the_grid_prize_trominoes],
          layout_basic
Temple:   nicolae_temple_ecumenical_triangle

Skill      XL: |  1  2  3  4  5  6  7  8  9 10 |
---------------+-------------------------------+-----
Fire Magic     | 3 4 5 7 10 | 10.0
Spellcasting   | 5 8 |  8.0
Fighting       | 3 8 9 |  9.7
Dodging        | 5 |  5.0
Stealth        | |  1.4
Conjurations   | |  0.8

Action                     |  1- 3 |  4- 6 |  7- 9 | 10-12 || total
---------------------------+-------+-------+-------+-------++-------
  Melee: Unarmed           |     2 |       |       |       ||     2
         Dagger            |       |     8 |       |       ||     8
   Cast: Foxfire           |    62 |    70 |   226 |    58 ||   416
         Scorch            |       |    26 |    42 |    36 ||   104
         Flame Wave        |       |       |     5 |     4 ||     9
         Inner Flame       |       |       |     2 |       ||     2
         Volatile Blastmot |       |       |     1 |       ||     1
  Evoke: Wand              |       |       |     1 |       ||     1
 Armour: Robe              |    24 |    24 |    36 |    40 ||   124
         Steam dragon scal |       |       |    21 |       ||    21
  Dodge: Dodged            |    13 |    17 |    26 |    26 ||    82

Table legend: (Time is in decaauts)
 A = Elapsed time spent in this place.
 B = Non-inter-level travel time spent in this place.
 C = Inter-level travel time spent in this place.
 D = Time resting spent in this place.
 E = Time spent auto-exploring this place.
 F = Levels seen in this place.
 G = Mean time per level.
                   A        B        C        D        E       F      G
               +--------+--------+--------+--------+--------+-----+--------+
         Total |   8640 |   8401 |    239 |     55 |   7028 |  10 |  864.0 |
       Dungeon |   8617 |   8387 |    230 |     55 |   7028 |   9 |  957.4 |
        Temple |     22 |     14 |      8 |      0 |      0 |   1 |   22.0 |
               +--------+--------+--------+--------+--------+-----+--------+

Top non-repeatable levels by time:
     D:3: 1526 daAuts
     D:1: 1320 daAuts
     D:8: 1188 daAuts
     D:6: 1089 daAuts
     D:2: 1081 daAuts
     D:7: 915 daAuts
     D:5: 807 daAuts
     D:4: 498 daAuts
     D:9: 190 daAuts
  Temple: 22 daAuts
